AoeStats
← RD | Dominicano

Arena

508893100Analyzed
4v4 RM · 9d ago on Sep 24, 2026· 38m 55s· 8 players
Game mode
Random Map
Map size
Large (8 player)
Population
200
Speed
Normal
Resources
Standard
Victory
Conquest
Starting age
Dark Age
Ending age
Imperial Age
RankedLock teamsTeams togetherTeam positionsShared explorationLock speedFull tech treeHidden civsTurbo modeCheats
Victory
Defeat
1474
+17
🇻🇳 Slavs · Vietnam
1469
+17
🇨🇳 Saxons · China
1460
+17
1420
+19
🇩🇴 Varangians · Dominican Republic
1593
-22
🇩🇴 Bohemians · Dominican Republic
1471
-17
🇩🇴 Malians · Dominican Republic
1450
-16
🇩🇴 Burgundians · Dominican Republic
1427
-15
丙酮酸嗦话梅
10:34 Feudal Age
11:19 Double-Bit Axe
14:10 Castle Age
12:05 Horse Collar
16:19 Bow Saw
18:02 Wheelbarrow
17:12 Town Watch
17:14 Loom
19:55 Stone Mining
21:41 Hand Cart
22:05 Gold Mining
25:03 Gold Shaft Mining
27:02 Imperial Age
25:00 Fletching
25:43 Bodkin Arrow
26:13 Padded Archer Armor
26:35 Ballistics
25:45 Crossbowman
27:09 Thumb Ring
27:20 Leather Archer Armor
28:54 Chemistry
28:07 Bracer
28:58 Thumb Ring
29:19 Thumb Ring
29:07 Arbalester
30:41 Conscription
32:01 Two-Man Saw
32:33 Capped Ram
34:27 Ring Archer Armor
34:23 Fortified Wall
34:27 Siege Ram
36:12 Siege Engineers
36:07 Treadmill Crane
37:15 Hoardings
luanb10
9:58 Feudal Age
13:44 Castle Age
12:04 Double-Bit Axe
12:17 Horse Collar
20:12 Stone Mining
21:38 Wheelbarrow
22:43 Bow Saw
23:31 Hand Cart
23:22 Gold Mining
27:42 Heavy Plow
31:04 Imperial Age
29:00 Scale Barding Armor
30:21 Chain Barding Armor
30:45 Forging
30:56 Bloodlines
30:46 Husbandry
32:27 Conscription
33:05 Plate Barding Armor
33:06 Iron Casting
33:04 Elite Boyar
35:51 Two-Man Saw
36:11 Blast Furnace
35:30 Capped Ram
36:30 Siege Ram
37:11 Fletching
微变等效电路法
10:10 Feudal Age
13:48 Castle Age
11:58 Double-Bit Axe
14:03 Horse Collar
15:24 Bow Saw
18:47 Loom
19:51 Wheelbarrow
24:22 Hand Cart
23:55 Town Watch
24:18 Scale Barding Armor
24:22 Gold Mining
24:24 Stone Mining
25:39 Forging
25:34 Husbandry
25:54 Fletching
29:01 Imperial Age
26:45 Bloodlines
26:51 Heavy Plow
27:24 Light Cavalry
28:46 Chain Barding Armor
29:15 Heavy Camel Rider
30:36 Conscription
31:11 Plate Barding Armor
31:34 Hussar
33:00 Gold Shaft Mining
33:43 Chemistry
33:31 Iron Casting
33:47 Padded Archer Armor
35:18 Blast Furnace
34:28 Imperial Camel Rider
Ares_Hong Bang- Trieu Dynasty
10:38 Feudal Age
12:37 Wheelbarrow
14:45 Castle Age
13:02 Double-Bit Axe
15:55 Loom
16:31 Bow Saw
25:59 Horse Collar
29:16 Imperial Age
27:13 Fletching
27:20 Stone Mining
27:35 Heavy Plow
27:28 Gold Mining
28:02 Bodkin Arrow
28:55 Hand Cart
30:12 Bracer
31:25 Two-Man Saw
30:58 Crop Rotation
32:25 Paper Money
32:15 Padded Archer Armor
32:28 Elite Rattan Archer
34:28 Fortified Wall
35:19 Chemistry
34:47 Pikeman
36:09 Leather Archer Armor
35:39 Halberdier
36:19 Squires
37:35 Scale Mail Armor
37:46 Forging
38:20 Ring Archer Armor
38:20 Masonry
39:09 Ballistics
39:22 Thumb Ring
RD | Dominicano
9:49 Feudal Age
13:35 Castle Age
11:55 Loom
12:25 Double-Bit Axe
14:38 Bow Saw
22:18 Wheelbarrow
23:22 Town Watch
23:19 Horse Collar
23:45 Fletching
24:55 Scale Mail Armor
27:18 Heavy Plow
27:38 Hand Cart
35:09 Imperial Age
33:54 Gold Mining
34:35 Chain Mail Armor
35:13 Gold Shaft Mining
35:14 Padded Archer Armor
36:56 Chemistry
35:48 Stone Mining
36:18 Leather Archer Armor
36:41 Crop Rotation
36:54 Masonry
36:25 Treadmill Crane
37:40 Ring Archer Armor
RD | Telematico
9:36 Double-Bit Axe
11:27 Feudal Age
13:36 Bow Saw
15:37 Castle Age
13:26 Horse Collar
17:44 Two-Man Saw
18:12 Heavy Plow
21:38 Wheelbarrow
27:41 Imperial Age
25:29 Hand Cart
25:55 Gold Mining
26:38 Crop Rotation
27:34 Gold Shaft Mining
26:47 Town Watch
26:38 Cavalier
27:19 Husbandry
27:48 Forging
27:43 Scale Barding Armor
27:52 Stone Mining
28:06 Paladin
28:41 Treadmill Crane
29:57 Chain Barding Armor
30:12 Iron Casting
29:57 Chain Barding Armor
30:12 Iron Casting
29:51 Masonry
29:28 Loom
30:03 Squires
30:39 Iron Casting
31:06 Scale Mail Armor
33:11 Blast Furnace
32:26 Chain Mail Armor
34:31 Plate Barding Armor
34:06 Pikeman
37:57 Light Cavalry
RD | El_Zapatero22
9:30 Feudal Age
13:20 Castle Age
11:34 Double-Bit Axe
12:02 Horse Collar
13:46 Loom
15:09 Bow Saw
19:38 Wheelbarrow
20:39 Hand Cart
27:40 Imperial Age
25:38 Scale Barding Armor
25:57 Heavy Plow
26:52 Chain Barding Armor
26:42 Forging
27:26 Bloodlines
28:00 Iron Casting
28:59 Plate Barding Armor
29:35 Two-Man Saw
28:40 Husbandry
29:03 Gothikon
29:16 Cavalier
31:19 Conscription
32:27 Blast Furnace
31:52 Capped Ram
33:33 Siege Ram
34:26 Pikeman
35:08 Scale Mail Armor
34:54 Halberdier
36:15 Chain Mail Armor
36:14 Fletching
36:34 Light Cavalry
37:41 Treadmill Crane
38:57 Plate Mail Armor
38:26 Bodkin Arrow
38:48 Masonry
38:29 Vendel Legacy
Malcolm Little
9:03 Loom
11:28 Feudal Age
15:00 Castle Age
12:49 Double-Bit Axe
13:14 Horse Collar
17:00 Fervor
18:30 Wheelbarrow
23:16 Bow Saw
25:14 Hand Cart
25:36 Sanctity
28:09 Imperial Age
25:43 Pikeman
26:23 Squires
26:09 Arson
26:27 Scale Mail Armor
27:26 Forging
27:32 Chain Mail Armor
27:19 Town Watch
28:21 Padded Archer Armor
28:56 Iron Casting
29:56 Chemistry
29:28 Masonry
30:17 Leather Archer Armor
30:27 Ballistics
31:37 Elite Skirmisher
33:01 Fletching
33:42 Ring Archer Armor
33:45 Architecture
36:28 Houfnice
Connection lost

Rejoining the realm…

Still unreachable

The connection could not be restored.

Session expired

The server has moved on; the page needs a fresh start.